 Dungeon Crawl Stone Soup version 0.29.0-11-gd7f09526c8 (webtiles) character file.

Game seed: 8878184961294985145

417 SensoryNuts the Twirler (level 7, -7/54 HPs)
             Began as a Formicid Fighter on Sept 2, 2022.
             Mangled by Menkaure (17 damage)
             ... on level 4 of the Dungeon.
             The game lasted 00:05:37 (3965 turns).

SensoryNuts the Twirler (Formicid Fighter)          Turns: 3965, Time: 00:05:38

Health: -7/54      AC:  8    Str: 23      XL:     7   Next: 15%
Magic:  7/7        EV: 10    Int:  5 (7)  God:
Gold:   185        SH:  5    Dex: 12 (13) Spells: 6/6 levels left

rFire   . . .      SeeInvis +   a - +0 quarterstaff
rCold   . . .      Faith    .   c - +0 buckler
rNeg    . . .      Spirit   .   b - +0 scale mail
rPois   .          Reflect  .   (helmet unavailable)
rElec   .          Harm     .   k - +0 cloak
rCorr   .          Rampage  .   (no gloves)
Will    .....                   (no boots)
Stlth   ..........              (no amulet)
HPRegen 0.18/turn               (no ring)
MPRegen 0.10/turn               (no ring)

@: no status effects
A: permanent stasis, dig shafts and tunnels, antennae 3, four strong arms
a: Dig, Shaft Self


You were on level 4 of the Dungeon.
You visited 1 branch of the dungeon, and saw 4 of its levels.

You collected 185 gold pieces.

Inventory:

Hand Weapons
 a - a +0 quarterstaff (weapon)
Armour
 b - a +0 scale mail (worn)
 c - a +0 buckler (worn)
 k - a +0 cloak (worn)
Jewellery
 l - a +6 ring of dexterity
Wands
 e - a wand of light (7)
Scrolls
 d - a scroll of butterflies
 g - a scroll of fear
 j - a scroll of amnesia {unknown}
Potions
 i - a potion of brilliance {unknown}


   Skills:
 + Level 4.2 Fighting
 * Level 5.2 Staves
 + Level 4.4 Armour
 + Level 1.7 Dodging
 + Level 0.6 Stealth
 + Level 4.7 Shields


You had 6 spell levels left.
You didn't know any spells.
Your spell library contained the following spells:

 Spells                   Type           Power      Damage    Failure   Level
 Apportation              Tloc           0%         N/A       85%         1
 Summon Small Mammal      Summ           0%         N/A       85%         1
 Call Canine Familiar     Summ           0%         N/A       99%         3
 Summon Guardian Golem    Hex/Summ       0%         N/A       99%         3
 Alistair's Intoxication  Tmut/Pois      0%         N/A       100%        5


Dungeon Overview and Level Annotations

Branches:
Dungeon (4/15)
 Temple: D:4-7

Altars:
Gozag

Annotations:
D:4 Menkaure


Innate Abilities, Weirdness & Mutations

You cannot be hasted, slowed, berserked, paralysed or teleported.
You can dig through walls and to a lower floor.
You have a pair of large antennae on your head. (SInv)
Your four strong arms can wield two-handed weapons with a shield.


Message History

The goblin shouts!
A goblin is nearby!
A goblin is nearby!
You thump the goblin!
You kill the goblin!
No target in view!
No target in view!
No target in view!
No target in view!
No target in view!
No target in view!
No target in view!
You now have 185 gold pieces (gained 9).
Found a club.
Found 4 boomerangs.
Menkaure, Prince of Dust comes into view.
Menkaure shouts!
Menkaure gestures wildly while chanting.
Menkaure seems to speed up.
You see here a gold piece.
Found a gold piece.
Menkaure is nearby!
Menkaure is nearby!
Found 2 gold pieces.
You see here a gold piece.
It was a potion of heal wounds.
You feel much better.
Found an opulent altar of Gozag.
Menkaure hits you!!
You hit Menkaure.
Menkaure is lightly damaged.
Menkaure hits you. Menkaure hits you!
* * * LOW HITPOINT WARNING * * *
You sock Menkaure!
Menkaure is moderately damaged.
Menkaure hits you.
* * * LOW HITPOINT WARNING * * *
You hit Menkaure but do no damage.
Menkaure is moderately damaged.
You block Menkaure's attack.
It was a potion of magic.
Magic courses through your body. Menkaure hits you!
You die...

....................
...............##.##
#####..)####........
. #...# #.#.#####.#
#..(# #....###...
#...# #..$.......
#...# ##......... ..
#.$..#.### #.@..#...
#.M.......
.....##..## ###.$.#
..# ##.## .# .$. #
$.$ 8_8


You could see Menkaure (fast).

Vanquished Creatures
  An ice beast (D:3)
  A phantom (D:3)
  A hound (D:4)
  A jelly (D:3)
  Jessica (D:3)
  Natasha (twice) (D:3)
  Robin (D:3)
  2 adders
  4 dart slugs
  5 orcs
  6 ball pythons
  6 bats
  3 endoplasms
  4 giant cockroaches
  12 goblins
  15 hobgoblins
  2 jackals (D:3)
  A kobold (D:1)
  A quokka (D:1)
  4 frilled lizards
  5 rats
78 creatures vanquished.

Notes
Turn   | Place    | Note
-------+----------+-------------------------------------------
     0 | D:1      | SensoryNuts the Formicid Fighter began the quest for the
                  | Orb.
     0 | D:1      | Reached XP level 1. HP: 18/18 MP: 1/1
   226 | D:1      | Reached XP level 2. HP: 24/24 MP: 2/2
   501 | D:1      | Reached XP level 3. HP: 23/29 MP: 3/3
  1522 | D:2      | Reached skill level 3 in Staves
  1522 | D:2      | Reached XP level 4. HP: 30/36 MP: 4/4
  2220 | D:3      | Noticed a phantom
  2231 | D:3      | Killed a phantom
  2232 | D:3      | Reached skill level 4 in Staves
  2232 | D:3      | Reached XP level 5. HP: 27/42 MP: 5/5
  2536 | D:3      | Noticed Robin
  2549 | D:3      | Killed Robin
  2567 | D:3      | Noticed Jessica
  2606 | D:3      | Killed Jessica
  2607 | D:3      | Reached skill level 1 in Dodging
  2607 | D:3      | Reached XP level 6. HP: 17/48 MP: 6/6
  2846 | D:3      | Noticed Natasha
  2852 | D:3      | Killed Natasha
  3223 | D:3      | Noticed an ice beast
  3234 | D:3      | Killed an ice beast
  3235 | D:3      | Reached skill level 5 in Staves
  3329 | D:3      | Noticed Natasha
  3333 | D:3      | Killed Natasha
  3334 | D:3      | Reached XP level 7. HP: 54/54 MP: 7/7
  3957 | D:4      | Noticed Menkaure
  3961 | D:4      | Found an opulent altar of Gozag.
  3965 | D:4      | Mangled by Menkaure

Illustrated notes

Levels and vault maps discovered:
D:1:      evilmike_arrival_plus, layout_basic
D:2:      layout_basic
D:3:      layout_loops_ring, uniq_robin, uniq_jessica, uniq_natasha
D:4:      minmay_clustersquares, layout_loops_cross, grunt_gozag_breadcrumbs,
          uniq_pikel, uniq_menkaure

Skill      XL: |  1  2  3  4  5  6 |
---------------+-------------------+-----
Staves         | 3 4 5 |  5.2
Armour         | 4 |  4.4
Dodging        | 1 |  1.7
Fighting       | 4 |  4.2
Stealth        | |  0.6
Shields        | |  4.7

Action                   |  1- 3 |  4- 6 |  7- 9 || total
-------------------------+-------+-------+-------++-------
Melee: Quarterstaff      |    82 |   118 |    49 ||   249
 Abil: Dig               |       |     1 |       ||     1
  Use: Scroll            |     4 |     1 |       ||     5
       Potion            |       |     7 |     2 ||     9
Armor: Scale mail        |    32 |    45 |    20 ||    97
Dodge: Dodged            |    26 |    41 |    20 ||    87
Block: Buckler           |    28 |    24 |    12 ||    64
